 Dungeon Crawl Stone Soup version 0.28.0-45-g0d030f2227 (webtiles) character file.

Game seed: 15555678838861190133

37 L33tCrusader the Vexing (level 3, -4/21 HPs)
             Began as a Kobold Arcane Marksman on Apr 7, 2022.
             Slain by Crazy Yiuf
             ... wielding a +4 quarterstaff of chaos
              (12 damage)
             ... on level 2 of the Dungeon.
             The game lasted 00:08:11 (1350 turns).

L33tCrusader the Vexing (Kobold Arcane Marksman)    Turns: 1350, Time: 00:08:12

Health: -4/21      AC:  2    Str:  7    XL:     3   Next: 60%
Magic:  4/5        EV: 15    Int: 14    God:
Gold:   41         SH:  0    Dex: 17    Spells: 4/5 levels left

rFire   . . .      SeeInvis .   a - +1 hand crossbow
rCold   . . .      Faith    .   (no shield)
rNeg    . . .      Spirit   .   d - +0 robe
rPois   .          Reflect  .   (no helmet)
rElec   .          Harm     .   (no cloak)
rCorr   .          Rampage  .   (no gloves)
Will    .....                   (no boots)
Stlth   +++.......              (no amulet)
HPRegen 0.07/turn               (no ring)
MPRegen 0.09/turn               (no ring)

@: no status effects
A: small, no large weapons, nightstalker 3
a: no special abilities


You were on level 2 of the Dungeon.
You visited 1 branch of the dungeon, and saw 2 of its levels.

You collected 41 gold pieces.

Inventory:

Hand Weapons
 a - a +1 hand crossbow (weapon)
Missiles
 c - 5 bolts (quivered ammo)
 e - 24 sling bullets
Armour
 d - a +0 robe (worn)
Potions
 b - a potion of heal wounds


   Skills:
 + Level 1.8 Fighting
 * Level 3.0 Crossbows
 + Level 2.9 Dodging
 + Level 1.6 Spellcasting
 + Level 3.2 Hexes


You had 4 spell levels left.
You knew the following spells:

 Your Spells              Type           Power      Damage    Failure   Level
a - Slow                  Hex            40%        N/A       6%          1

Your spell library contained the following spells:

 Spells                   Type           Power      Damage    Failure   Level
 Dazzling Flash           Conj/Hex       10%        N/A       36%         3
 Inner Flame              Hex/Fire       5%         N/A       36%         3
 Portal Projectile        Hex/Tloc       10%        N/A       36%         3
 Cause Fear               Hex            5%         N/A       54%         4
 Silence                  Hex/Air        2%         N/A       98%         5
 Agony                    Necr           1%         N/A       100%        5


Dungeon Overview and Level Annotations

Branches:
Dungeon (2/15)

Altars:

Annotations:
D:2 Crazy Yiuf


Innate Abilities, Weirdness & Mutations

You are small and have problems with some larger weapons.
You are completely attuned to the shadows.


Message History

e - 24 sling bullets
There is a stone staircase leading down here.
You climb downwards.
Found a spear.
There is a stone staircase leading up here.
Found a runed translucent door.
Found a mace.
You open the door.
Fire: 9 bolts
Press: ? - help, Q - select action, (/) - cycle Shift-Dir - straight line, f - Crazy Yiuf
Aim: Crazy Yiuf, wielding a +4 quarterstaff of chaos, wearing a +0 cloak and carrying a wand of flame (17) (asleep, 98% to hit)
You shoot a bolt. The bolt hits Crazy Yiuf.
Crazy Yiuf shouts!
Crazy Yiuf is moderately wounded.
Fire: 8 bolts
Press: ? - help, Q - select action, (/) - cycle Shift-Dir - straight line, f/p - Crazy Yiuf
Aim: Crazy Yiuf, wielding a +4 quarterstaff of chaos, wearing a +0 cloak and carrying a wand of flame (17) (moderately wounded, 69% to hit)
You shoot a bolt. The bolt hits Crazy Yiuf.
Crazy Yiuf is heavily wounded.
Crazy Yiuf twirls on the spot.
Casting: Slow (safe; 6% risk of failure)
Confirm with . or Enter, or press ? or * to list all spells.
Aiming: Slow (safe; 6% risk of failure)
Press: ? - help, Shift-Dir - straight line, f/p - Crazy Yiuf
Aim: Crazy Yiuf, wielding a +4 quarterstaff of chaos, wearing a +0 cloak and carrying a wand of flame (17) (heavily wounded, chance to affect: 57%) Crazy Yiuf resists with significant effort.
Fire: 7 bolts
Press: ? - help, Q - select action, (/) - cycle Shift-Dir - straight line, f/p - Crazy Yiuf
Aim: Crazy Yiuf, wielding a +4 quarterstaff of chaos, wearing a +0 cloak and carrying a wand of flame (17) (heavily wounded, 69% to hit)
You shoot a bolt. The bolt hits Crazy Yiuf.
Crazy Yiuf is severely wounded.
Crazy Yiuf zaps a wand.
The puff of flame hits you!
Fire: 6 bolts
Press: ? - help, Q - select action, (/) - cycle Shift-Dir - straight line, f/p - Crazy Yiuf
Aim: Crazy Yiuf, wielding a +4 quarterstaff of chaos, wearing a +0 cloak and carrying a wand of flame (16) (severely wounded, 69% to hit)
You shoot a bolt. The bolt closely misses Crazy Yiuf.
Crazy Yiuf zaps a wand.
The puff of flame hits you.
Crazy Yiuf hits you with a +4 quarterstaff of chaos!
Ouch! That really hurt!
You die...

#.()# #.(.#
... #'# ♣♣g♣
♣@♣♣ ♣♣.♣
♣.♣♣ ♣♣.♣
♣..♣♣♣ #####
♣....♣ #...#
#....#
#)<.####..###
#............


You could see Crazy Yiuf.

Vanquished Creatures
  3 dart slugs (D:1)
  3 ball pythons (D:1)
  3 endoplasms (D:1)
  2 giant cockroaches (D:1)
  3 hobgoblins (D:1)
  3 jackals (D:1)
  A bat (D:1)
  5 goblins (D:1)
  2 kobolds (D:1)
  2 rats (D:1)
27 creatures vanquished.

Notes
Turn   | Place    | Note
-------+----------+-------------------------------------------
     0 | D:1      | L33tCrusader the Kobold Arcane Marksman began the quest for
                  | the Orb.
     0 | D:1      | Reached XP level 1. HP: 12/12 MP: 2/2
    95 | D:1      | Reached XP level 2. HP: 16/16 MP: 3/3
   541 | D:1      | Reached XP level 3. HP: 20/20 MP: 3/5
  1340 | D:2      | Found a runed translucent door.
  1343 | D:2      | Noticed Crazy Yiuf
  1350 | D:2      | Slain by Crazy Yiuf

Illustrated notes

Levels and vault maps discovered:
D:1:      minmay_arrival_checkered_box, layout_basic, minmay_hexomino_u4
D:2:      layout_basic, uniq_crazy_yiuf_cottage, uniq_terence

Skill      XL: |  1  2  3 |
---------------+----------+-----
Crossbows      | 3 |  3.0
Fighting       | |  1.8
Dodging        | |  2.9
Spellcasting   | |  1.6
Hexes          | |  3.2

Action                   || total
-------------------------++-------
 Fire: Hand crossbow     ||    65
 Cast: Slow              ||     7
  Use: Scroll            ||     4
Armor: Robe              ||     8
Dodge: Dodged            ||    48
